Map: Eternal Empire LE

Players

fsdssdaaaa - Winner!

  • Race: Zerg Zerg
  • League: Platinum
  • Spawn Location: 1:00

TwitchChatTV

  • Race: Protoss Protoss
  • Spawn Location: 7:00

VOD

Have the link to the VOD?

Description

Time

  • Played on: July 15, 2020, 1:54 a.m.
  • Length: 20:39
Show
View Real Time Build Order
Export as new Build Order

fsdssdaaaa Zerg - Winner!

Build Orders: Hatch First, Lurkers 

Get SALT Encoding   

  12  0:00  Drone  
  13  0:08  Drone  
  14  0:16  Overlord  
  14  0:23  Drone, Extractor  
  15  0:34  Drone x2  
  17  0:44  Drone  
  18  0:55  Hatchery  
  17  0:57  Drone  
  18  1:11  Spawning Pool  
  17  1:12  Extractor  
  17  1:18  Drone x2  
  18  1:26  Drone  
  20  1:49  Drone  
  20  1:50  Drone  
  22  2:00  Spine Crawler  
  21  2:03  Zergling x2, Spine Crawler  
  21  2:05  Spine Crawler  
  20  2:08  Spine Crawler  
  20  2:13  Spine Crawler  
  18  2:17  Zergling x2, Spine Crawler  
  18  2:19  Queen  
  20  2:25  Zergling x2  
  20  2:28  Spine Crawler  
  19  2:38  Zergling x2  
  19  2:50  Drone  
  19  2:52  Drone  
  19  3:08  Drone  
  20  3:18  Drone  
  21  3:30  Overlord, Drone  
  22  3:48  Overlord, Queen  
  22  3:50  Drone x2  
  26  4:00  Hatchery  
  25  4:04  Overlord  
  25  4:13  Metabolic Boost  
  25  4:15  Extractor  
  24  4:20  Roach Warren  
  23  4:27  Zergling x2  
  24  4:34  Drone  
  24  4:35  Drone  
  24  4:36  Drone  
  27  4:46  Drone x2  
  29  4:53  Pneumatized Carapace  
  29  5:07  Overlord  
  29  5:08  Drone  
  29  5:11  Queen  
  32  5:20  Spore Crawler  
  31  5:26  Drone x2  
  33  5:30  Drone  
  33  5:31  Spore Crawler, Drone x2  
  35  5:39  Drone  
  35  5:42  Overlord  
  36  5:45  Drone  
  37  5:53  Drone  
  37  5:54  Drone x2  
  37  5:57  Drone  
  41  6:01  Drone  
  42  6:07  Drone  
  45  6:18  Roach x2  
  45  6:19  Zergling x6, Roach x2  
  45  6:21  Extractor  
  45  6:25  Overlord  
  53  6:26  Drone  
  53  6:31  Lair  
  54  6:35  Drone x2  
  54  6:39  Extractor  
  55  6:45  Overlord, Drone  
  56  6:48  Queen  
  58  7:00  Overlord, Drone  
  58  7:01  Drone x2  
  60  7:24  Drone x2  
  60  7:25  Drone x4  
  66  7:38  Overseer  
  66  7:41  Extractor  
  65  7:44  Overlord, Hatchery  
  65  7:45  Queen  
  65  7:46  Extractor  
  65  7:53  Spire  
  65  7:55  Overseer  
  64  8:17  Overlord  
  64  8:23  Hydralisk Den  
  64  8:26  Spore Crawler  
  62  8:27  Overlord, Drone  
  62  8:28  Drone x5  
  62  8:33  Evolution Chamber  
  67  8:35  Evolution Chamber  
  67  8:36  Evolution Chamber  
  65  8:47  Spore Crawler  
  64  8:53  Infestation Pit  
  63  8:55  Hydralisk  
  63  8:56  Hydralisk x7  
  63  8:59  Grooved Spines  
  79  9:09  Hydralisk x4  
  87  9:12  Extractor  
  87  9:16  Spore Crawler  
  85  9:18  Spore Crawler  
  85  9:20  Drone  
  85  9:21  Drone  
  85  9:22  Drone  
  85  9:23  Drone  
  88  9:25  Drone  
  89  9:35  Overseer  
  90  9:38  Drone x5  
  94  9:46  Hydralisk x2  
  94  9:50  Spore Crawler  
  94  9:51  Spore Crawler  
  96  9:54  Spore Crawler  
  82  10:07  Drone x5  
  82  10:08  Drone x2  
  82  10:10  Muscular Augments  
  82  10:11  Drone  
  90  10:19  Overlord  
  90  10:20  Hive  
  90  10:24  Zerg Missile Weapons Level 1  
  90  10:25  Zerg Ground Armor Level 1  
  90  10:26  Drone  
  91  10:33  Overlord  
  91  10:39  Overlord  
  91  10:40  Drone x4  
  95  10:45  Drone  
  96  10:50  Lurker Den  
  96  10:56  Overseer  
  95  11:07  Drone  
  95  11:08  Drone, Queen  
  99  11:12  Zerg Flyer Weapons Level 1  
  99  11:18  Queen  
  99  11:23  Spore Crawler  
  100  11:32  Hydralisk  
  100  11:40  Viper x2  
  100  11:41  Viper x2  
  100  11:42  Viper  
  115  11:54  Lurker x9  
  122  12:06  Drone x2  
  122  12:07  Drone x10  
  122  12:17  Adaptive Talons  
  122  12:19  Drone  
  122  12:20  Drone x3  
  126  12:27  Spore Crawler  
  125  12:35  Zerg Ground Armor Level 2, Zerg Missile Weapons Level 2  
  125  12:36  Zerg Melee Weapons Level 1  
  125  12:51  Hydralisk x2  
  125  12:53  Overseer  
  125  12:54  Overlord x3  
  125  12:55  Overlord  
  125  12:57  Overseer x2  
  124  13:11  Hydralisk x6  
  103  13:12  Hydralisk  
  103  13:14  Seismic Spines  
  86  13:28  Hydralisk x2  
  86  13:29  Hydralisk  
  86  13:33  Drone x3  
  93  13:46  Lurker  
  93  13:47  Lurker  
  93  13:48  Drone x9  
  104  14:03  Overlord  
  104  14:08  Spine Crawler  
  103  14:10  Spore Crawler, Drone, Queen, Spine Crawler  
  104  14:26  Hydralisk x3  
  104  14:27  Hydralisk  
  104  14:30  Lurker  
  104  14:31  Lurker x3  
  115  14:37  Extractor  
  115  14:38  Hatchery  
  114  14:42  Extractor  
  114  14:43  Ultralisk Cavern  
  112  14:55  Overlord  
  112  14:59  Hydralisk x5  
  122  15:10  Hydralisk  
  124  15:48  Hydralisk x12  
  126  15:59  Drone x4  
  129  16:08  Spore Crawler  
  129  16:10  Spore Crawler  
  117  16:30  Drone x5  
  122  16:49  Drone x4  
  122  16:50  Drone  
  123  17:11  Drone x6  
  129  17:21  Overlord  
  123  17:24  Spore Crawler  
  123  17:25  Spore Crawler  
  106  17:46  Drone x9  
  115  17:53  Spore Crawler  
  114  18:09  Drone x3  
  117  18:46  Spine Crawler x2  
  117  18:48  Spine Crawler x2  
  113  18:53  Zergling x18  
  122  19:17  Hatchery  
  122  19:19  Zergling x6  
  122  19:20  Zergling x6  
  127  19:55  Lurker x5  
  127  19:56  Lurker x3  
Show
View Real Time Build Order
Export as new Build Order

TwitchChatTV Protoss 

Build Orders:  

Get SALT Encoding   

  12  0:02  Probe  
  13  0:14  Probe  
  14  0:24  Pylon  
  14  0:26  Probe  
  15  0:42  Probe  
  16  0:44  Forge  
  16  0:51  Gateway  
  16  1:00  Probe  
  17  1:08  Probe  
  18  1:20  Assimilator  
  18  1:34  Pylon  
  18  1:35  Pylon  
  18  1:37  Pylon  
  18  1:43  Pylon  
  18  1:54  Photon Cannon  
  18  1:55  Gateway  
  18  1:58  Gateway  
  18  2:01  Photon Cannon  
  18  2:07  Photon Cannon  
  18  2:10  Photon Cannon  
  18  2:13  Photon Cannon  
  18  2:22  Photon Cannon  
  18  2:27  Probe  
  19  2:39  Probe  
  20  2:48  Photon Cannon  
  20  2:59  Probe  
  20  3:02  Assimilator  
  20  3:05  Assimilator  
  21  3:08  Pylon  
  21  3:11  Probe  
  22  3:13  Pylon  
  22  3:14  Cybernetics Core  
  22  3:26  Pylon  
  21  3:34  Photon Cannon  
  21  3:37  Pylon  
  21  3:38  Zealot  
  23  3:48  Pylon  
  23  3:51  Probe  
  23  3:54  Pylon  
  24  4:03  Probe  
  25  4:17  Stargate  
  25  4:24  Sentry  
  25  4:30  Nexus  
  27  4:38  Probe  
  28  4:50  Probe  
  29  4:54  Sentry  
  31  5:06  Void Ray  
  33  5:41  Void Ray  
  33  5:45  Probe  
  33  5:49  Pylon  
  38  5:57  Probe  
  38  6:00  Assimilator  
  38  6:01  Probe  
  38  6:03  Assimilator  
  40  6:09  Probe  
  41  6:12  Photon Cannon  
  41  6:13  Probe  
  42  6:21  Probe  
  42  6:25  Probe  
  43  6:33  Probe  
  44  6:51  Stargate  
  44  6:55  Stargate  
  44  6:59  Probe, Pylon  
  44  7:00  Photon Cannon, Probe  
  46  7:07  Oracle  
  49  7:11  Probe  
  49  7:12  Probe  
  51  7:23  Probe  
  51  7:25  Probe  
  53  7:35  Probe  
  55  7:37  Probe  
  55  7:44  Oracle x2  
  58  7:48  Probe  
  58  7:50  Pylon  
  58  7:51  Pylon  
  62  8:01  Oracle  
  62  8:08  Probe  
  62  8:10  Oracle  
  62  8:12  Oracle  
  66  8:20  Probe  
  73  8:33  Gateway  
  73  8:34  Gateway  
  73  8:35  Oracle  
  73  8:38  Gateway  
  73  8:40  Gateway, Twilight Council  
  76  8:43  Pylon  
  76  8:46  Pylon  
  76  8:54  Oracle x2  
  82  9:04  Oracle  
  85  9:21  Charge  
  85  9:23  Zealot x2  
  89  9:25  Zealot  
  91  9:46  Zealot  
  93  9:59  Zealot x2  
  94  10:01  Oracle  
  94  10:04  Zealot  
  93  10:44  Pylon  
  93  10:46  Pylon  
  93  10:48  Pylon  
  93  10:49  Pylon  
  93  10:55  Pylon  
  93  10:57  Pylon  
  93  11:02  Zealot x3, Oracle  
  102  11:04  Zealot x2, Oracle  
  109  11:28  Oracle  
  109  11:29  Zealot x2  
  109  11:31  Zealot x2  
  120  11:39  Oracle  
  123  11:41  Oracle  
  126  11:56  Zealot  
  126  11:57  Zealot  
  126  11:58  Zealot x2  
  134  12:05  Oracle  
  119  12:17  Oracle  
  119  12:18  Oracle  
  125  12:42  Oracle  
  128  12:52  Stalker x3  
  134  13:07  Oracle, Stalker  
  134  13:09  Oracle  
  112  13:19  Oracle  
  75  13:34  Stalker  
  75  13:35  Zealot, Stalker  
  75  13:37  Zealot  
  75  13:40  Blink  
  83  13:58  Pylon  
  86  14:03  Nexus  
  86  14:04  Stalker  
  86  14:05  Pylon  
  86  14:08  Stalker x3  
  85  14:28  Warp Gate, Dark Shrine, Pylon  
  85  14:29  Stalker  
  85  14:32  Stalker  
  85  14:35  Photon Cannon  
  85  14:36  Photon Cannon  
  85  14:37  Stalker x2  
  91  14:38  Shield Battery  
  91  14:44  Probe  
  94  14:54  Stalker  
  94  14:55  Pylon  
  94  14:58  Stalker  
  98  15:07  Stalker  
  98  15:11  Stalker  
  102  15:23  Assimilator  
  102  15:24  Stalker  
  102  15:27  Assimilator  
  104  15:39  Void Ray  
  97  16:01  Photon Cannon  
  97  16:02  Photon Cannon  
  97  16:04  Photon Cannon  
  88  16:08  Void Ray  
  73  16:46  Stalker x3  
  79  16:47  Stalker  
  63  17:41  Stalker x4  
  57  17:47  Zealot  
  59  18:06  Dark Templar  
  55  18:41  Dark Templar x3  
  55  18:42  Dark Templar  
  63  18:59  Oracle  
  63  19:00  Archon  
  63  19:01  Archon  
  66  19:08  Dark Templar  
  68  19:19  Sentry x4  
  76  19:44  Stalker x2  
Tags
 
Composition
Lurkers
League
Platinum
Matchup
PvZ
Spawn Locations
Cross Positions
Add a new tag
Caveats
  • Supply blocks, unpowered buildings, or Contaminate may cause inaccurate times.
  • Supply counts are checked every 10 seconds.